 Dungeon Crawl Stone Soup version 0.27-a0-1590-g15f69828bf (webtiles) character file.

Game seed: 12798890565230461797

157 flotson the Sneak (level 5, 0/63 HPs)
             Began as a Demonspawn Delver on July 18, 2021.
             Slain by Sigmund (8 damage)
             ... on level 3 of the Dungeon.
             The game lasted 00:05:50 (2583 turns).

flotson the Sneak (Demonspawn Delver)               Turns: 2583, Time: 00:05:51

Health: 0/63       AC: 22    Str: 14    XL:     5   Next: 15%
Magic:  5/5        EV:  2    Int: 11    God:
Gold:   102        SH:  8    Dex: 14    Spells: 4/4 levels left

rFire    . . .     SeeInvis .   a - +0 hand axe
rCold    . . .     Faith    .   r - +1 kite shield
rNeg     + + +     Spirit   .   (armour currently unavailable)
rPois    +         Reflect  .   (helmet currently unavailable)
rElec    .         Harm     .   (cloak currently unavailable)
rCorr    .         Rampage  .   (gloves currently unavailable)
Will     .....     NoTele   +   (boots currently unavailable)
Stlth    +++.......             b - amulet of the acrobat
HPRegen  0.20/turn              (no ring)
MPRegen  0.09/turn              (no ring)

@: tree-form, attractive
A: stationary, stasis, torment immunity, boosted hp, demonic guardian 1, powered
by death 2
a: no special abilities


You were on level 3 of the Dungeon.
You were a tree.
You visited 1 branch of the dungeon, and saw 5 of its levels.

You collected 102 gold pieces.

Inventory:

Hand Weapons
 a - a +0 hand axe (weapon)
Missiles
 i - 16 poisoned darts
 j - 7 boomerangs (quivered)
 k - a throwing net
Armour
 l - a +0 helmet (melded)
 q - a +0 scale mail (melded)
 r - a +1 kite shield (worn)
Jewellery
 b - an amulet of the acrobat (around neck)
Wands
 g - a wand of digging (3)
 v - a wand of charming (8)
Scrolls
 c - a scroll of fog
 d - 2 scrolls of identify {unknown}
 e - 2 scrolls of fear
 h - a scroll of vulnerability {unknown}
 n - a scroll of torment {unknown}
 o - 3 scrolls of teleportation {unknown}
 p - a scroll of enchant armour
 s - a scroll of amnesia {unknown}
 t - a scroll of immolation {unknown}
Potions
 u - a potion of lignification


   Skills:
 + Level 3.7 Fighting
 + Level 2.6 Axes
 + Level 1.4 Throwing
 + Level 1.7 Armour
 + Level 2.6 Dodging
 - Level 4.5 Stealth
 + Level 0.2 Shields
 + Level 0.4 Evocations


You had 4 spell levels left.
You didn't know any spells.
Your spell library contained the following spells:

 Spells                   Type           Power      Damage    Failure   Level
 Magic Dart               Conj           0%         1d3       94%         1
 Call Imp                 Summ           0%         N/A       98%         2
 Mephitic Cloud           Conj/Pois/Air  0%         N/A       100%        3


Dungeon Overview and Level Annotations

Branches:
Dungeon (5/15)
 Temple: D:4-7

Altars:
The Shining One

Shops:
D:5 [

Annotations:
D:3 Sigmund


Innate Abilities, Weirdness & Mutations

You are a tree.
Your roots penetrate the ground, keeping you stationary.
You cannot be teleported.
You are immune to unholy pain and torment.
Your maximum health is greatly increased.
Your equipment is partially melded.
A weak demonic guardian rushes to your aid.
You regenerate health from kills.


Message History

There's something in the way.
You barely miss the goblin.
The goblin is almost dead.
You feel very sick. Something hits you but does no damage.
The goblin hits you but does no damage. Something hits you but does no damage.
You closely miss the goblin.
You feel very sick. The goblin hits you but does no damage.
You hear some strange, mumbled words.
Something tries to affect you, but you resist.
The goblin hits you but does no damage.
Unknown command.
It was a potion of attraction.
You feel attractive to monsters.
You feel sick. Something hits you but does no damage.
The goblin hits you but does no damage. Something is pulled toward you!
It was a potion of curing.
You feel better. Something hits you!
* * * LOW HITPOINT WARNING * * *
The goblin hits you but does no damage.
You hit something. You barely miss the goblin.
Something hits you but does no damage. The goblin hits you but does no damage.
Something hits you but does no damage.
You miss something. You hit the goblin.
You kill the goblin!
Something hits you.
* * * LOW HITPOINT WARNING * * *
A demonic guardian appears!
Unknown command.
You can't see any enemies this would affect, really read the scroll of fear?
Okay, then.
Unknown command.
Okay, then.
Unknown command.
Unknown command.
As you read the scroll labelled IRIZOXU ZU HYGRIW, it crumbles to dust.
It is a scroll of enchant armour.
Your +0 kite shield glows green for a moment.
Something hits you!
You die...

.......................
....................)..
.[....................
....................##
.........#...........#
.......####........# .
.........###...5...##...
.>....##......#......._.
................♣{.##..
......########.##).#
......# #.......#
......# ###....##
......# ...... ......#
...... ......# ...####
.....## ...# ....##


You could see a friendly shadow imp (summoned).

Vanquished Creatures
  A hound skeleton (D:5)
  5 gnolls
  2 adders (D:2)
  A worm (D:3)
  4 dart slugs
  6 ball pythons
  3 bats
  3 endoplasms
  A giant cockroach (D:2)
  3 goblins
  2 hobgoblins
  4 jackals (D:1)
  5 kobolds
  2 quokkas
  3 frilled lizards
  3 rats
48 creatures vanquished.

Vanquished Creatures (collateral kills)
  3 gnolls (D:3)
  A bat (D:3)
  A hobgoblin (D:3)
5 creatures vanquished.

Vanquished Creatures (others)
  6 plants (D:2)
6 creatures vanquished.

Grand Total: 59 creatures vanquished

Notes
Turn   | Place    | Note
-------+----------+-------------------------------------------
     0 | D:5      | flotson the Demonspawn Delver began the quest for the Orb.
     0 | D:5      | Reached XP level 1. HP: 18/18 MP: 1/1
    24 | D:5      | Gained mutation: You regenerate a little health from kills.
                  | [demonic ancestry]
    24 | D:5      | Reached XP level 2. HP: 12/24 MP: 2/2
   167 | D:5      | Noticed a water moccasin
   183 | D:5      | Found Zoappoedd's Antique Armour Emporium.
   213 | D:4      | Noticed an ogre
   541 | D:1      | Reached skill level 1 in Armour
   550 | D:1      | Gained mutation: You regenerate health from kills. [demonic
                  | ancestry]
   550 | D:1      | Reached XP level 3. HP: 24/29 MP: 3/3
  1317 | D:2      | Reached skill level 1 in Throwing
  1317 | D:2      | Gained mutation: A weak demonic guardian rushes to your
                  | aid. [demonic ancestry]
  1317 | D:2      | Reached XP level 4. HP: 35/35 MP: 4/4
  1770 | D:2      | You fall into a shaft and drop 1 floor!
  2388 | D:3      | Reached XP level 5. HP: 31/42 MP: 5/5
  2569 | D:3      | Noticed Sigmund
  2583 | D:3      | Slain by Sigmund

Illustrated notes

Levels and vault maps discovered:
D:1:      psy_arrival_radial02, layout_basic, minmay_ruptured
D:2:      layout_rooms, serial_forest, infiniplex_forest_clump_cross,
          infiniplex_forest_corner_1, infiniplex_forest_zigzag_1,
          infiniplex_forest_zigzag_1, infiniplex_forest_clump_tiny,
          infiniplex_forest_end_1, infiniplex_forest_clump_small,
          infiniplex_forest_lined_ring, infiniplex_forest_lined_corner,
          infiniplex_forest_end_2
D:3:      layout_rooms, mainiacjoe_overflow_small_starburst, uniq_sigmund
D:4:      layout_basic
D:5:      layout_basic, minmay_temple_entry_junction_2, serial_shops, shop,
          nicolae_stop_n_shop_1

Skill      XL: |  1  2  3 |
---------------+----------+-----
Axes           | 2 |  2.6
Dodging        | 2 |  2.6
Armour         | 1 |  1.7
Throwing       | 1 |  1.4
Fighting       | |  3.7
Stealth        | |  4.5
Shields        | |  0.2
Evocations     | |  0.4

Action                   |  1- 3 |  4- 6 || total
-------------------------+-------+-------++-------
Melee: Hand axe          |    94 |    82 ||   176
Throw: Dart              |     8 |     6 ||    14
       Boomerang         |       |    20 ||    20
  Use: Potion            |     1 |     3 ||     4
       Scroll            |     1 |     1 ||     2
 Stab: Sleeping          |     6 |       ||     6
       Distracted        |       |     1 ||     1
Armor: Leather armour    |     7 |       ||     7
       Scale mail        |    27 |    40 ||    67
       Skin              |       |    11 ||    11
Dodge: Dodged            |    64 |    59 ||   123
Block: Kite shield       |       |    37 ||    37

Table legend: (Time is in decaauts)
 A = Elapsed time spent in this place.
 B = Non-inter-level travel time spent in this place.
 C = Inter-level travel time spent in this place.
 D = Time resting spent in this place.
 E = Time spent auto-exploring this place.
 F = Levels seen in this place.
 G = Mean time per level.
                   A        B        C        D        E       F      G
               +--------+--------+--------+--------+--------+-----+--------+
         Total |   2628 |   2496 |    132 |    190 |   1682 |   5 |  525.6 |
       Dungeon |   2628 |   2496 |    132 |    190 |   1682 |   5 |  525.6 |
               +--------+--------+--------+--------+--------+-----+--------+

Top non-repeatable levels by time:
     D:2: 1169 daAuts
     D:1: 791 daAuts
     D:3: 417 daAuts
     D:5: 209 daAuts
     D:4: 40 daAuts
